 Dungeon Crawl Stone Soup version 0.18.1-47-g9310371 (webtiles) character file.

19910 Gargoyl the Protected (level 12, -18/94 HPs)
             Began as a Demonspawn Abyssal Knight on June 23, 2016.
             Was a High Priest of Lugonu.
             Killed from afar by an orc sorcerer (24 damage)
             ... with a bolt of negative energy
             ... while paralysed by an orc sorcerer
             ... on level 2 of the Orcish Mines.
             The game lasted 00:38:09 (10911 turns).

Gargoyl the Protected (Demonspawn Abyssal Knight)  Turns: 10911, Time: 00:38:10

Health: -18/94     AC: 29    Str: 20    XL:     12   Next: 40%
Magic:  16/16      EV:  5    Int: 14    God:    Lugonu [*****.]
Gold:   271        SH:  0    Dex: 13    Spells: 0 memorised, 11 levels left

rFire  + . .     SeeInvis +     U - +10 hand axe "Fitijotu" {venom, +Fly}
rCold  . . .     Gourm    .     G - +0 plate armour
rNeg   . . .     Faith    .     v - +1 shield
rPois  .         Spirit   .     (helmet restricted)
rElec  .         Dismiss  .     g - +2 cloak
rCorr  .         Reflect  .     A - +2 pair of gloves
SustAt .         Harm     .     V - +2 pair of boots of Melancholy {Str+3}
MR     .....                    q - amulet of regeneration
Stlth  ..........               k - +5 ring of protection
                                S - ring of see invisible

@: paralysed, very slightly contaminated, heavily drained, invisible, not
resistant to hostile enchantments, extremely unstealthy
A: horns 2, repulsion field 2, demonic guardian 1, fire resistance 1
a: Depart the Abyss, Bend Space, Banish, Corrupt, Enter the Abyss, Renounce
Religion, Evoke Flight


You were on level 2 of the Orcish Mines.
You worshipped Lugonu.
Lugonu was extremely pleased with you.
You were not hungry.

You visited 2 branches of the dungeon, and saw 13 of its levels.
You visited the Abyss 1 time.

You collected 892 gold pieces.
You spent 621 gold pieces at shops.

Inventory:

Hand Weapons
 P - a +7 vampiric hand axe
 Q - a +0 war axe
 U - the +10 hand axe "Fitijotu" (weapon) {venom, +Fly}
   (You found it on level 11 of the Dungeon)

   It poisons the flesh of those it strikes.
   It lets you fly.
Missiles
 a - 6 silver tomahawks
 d - 5 tomahawks of dispersal
 I - 14 tomahawks (quivered)
Armour
 g - a +2 cloak (worn)
 v - a +1 shield (worn)
 A - a +2 pair of gloves (worn)
 G - a +0 plate armour (worn)
 V - the +2 pair of boots of Melancholy (worn) {Str+3}
   (You found it on level 11 of the Dungeon)

   It affects your strength (+3).
Jewellery
 j - an uncursed ring of magical power
 k - a +5 ring of protection (right hand)
 m - an uncursed ring of resist corrosion
 q - an amulet of regeneration (around neck)
 F - an uncursed amulet of the gourmand
 S - a ring of see invisible (left hand)
Wands
 t - a wand of flame (31/48)
 u - a wand of flame (19/48)
 y - a wand of disintegration (9/24)
 B - a wand of random effects (23/48)
 C - a wand of lightning (15/15)
 O - a wand of disintegration (5/24)
 R - a wand of iceblast (7/15)
 W - a wand of digging (12/24)
Scrolls
 b - 9 scrolls of remove curse
 e - 3 scrolls of recharging
 h - 10 scrolls of identify
 z - 2 scrolls of amnesia
 H - 2 scrolls of magic mapping
Potions
 i - a potion of curing
 l - 2 potions of agility {unknown}
 o - a potion of berserk rage {unknown}
 s - 3 potions of brilliance {unknown}
 x - 2 potions of heal wounds {unknown}
 D - a potion of lignification
 E - 2 potions of mutation {unknown}
 L - a potion of flight {unknown}
 M - 2 potions of haste {unknown}
 N - a potion of invisibility
Books
 p - a book of Geomancy

   Spells                             Type                      Level
   a - Sandblast                      Earth                        1
   b - Passwall                       Transmutation/Earth          2
   c - Stone Arrow                    Conjuration/Earth            3
   d - Petrify                        Transmutation/Earth          4
   e - Lee's Rapid Deconstruction     Earth                        5
 K - a Young Poisoner's Handbook

   Spells                             Type                      Level
   a - Sting                          Conjuration/Poison           1
   b - Cure Poison                    Poison                       2
   c - Mephitic Cloud                 Conjuration/Poison/Air       3
   d - Olgreb's Toxic Radiance        Poison                       4
   e - Venom Bolt                     Conjuration/Poison           5
Comestibles
 c - 4 bread rations
 f - 4 chunks of flesh
 n - 2 beef jerkies
 r - 6 meat rations


   Skills:
 + Level 8.6(5.6) Fighting
 + Level 9.3(6.2) Axes
 * Level 11.9(8.7) Armour
 + Level 4.1(1.5) Dodging
 + Level 4.0(1.4) Stealth
 + Level 6.1(3.3) Shields
 + Level 6.3(3.5) Invocations


You had 11 spell levels left.
You didn't know any spells.

Dungeon Overview and Level Annotations

Branches:
Dungeon (11/15)            Temple (0/1) D:6            Lair (0/8) D:9
    Orc (2/2) D:10
    Elf: Orc:2

Altars:
Cheibriados
Dithmenos
Kikubaaqudgha
Makhleb
Okawaru
Pakellas
Ru
Sif Muna
Xom
Beogh
Jiyva

Shops:
D:8 }   Orc:2 *?

Annotations:
Abyss:1 Gastronok, Maud


Innate Abilities, Weirdness & Mutations

You have a pair of horns on your head.
You are surrounded by a moderate repulsion field (EV +3).
A weak demonic guardian rushes to your aid.
Your flesh is heat resistant.


Message History

The orc high priest hits you but does no damage.
You block the orc sorcerer's attack.
Drink which item? (? for menu, Esc to quit)
You fade into invisibility!
The orc sorcerer casts a spell at you.
You suddenly lose the ability to move!
The orc high priest hits you but does no damage.
The orc sorcerer hits you but does no damage.
You feel drained.
You are very lightly contaminated with residual magic.
The orc high priest calls upon Beogh to heal the orc sorcerer.
The orc sorcerer is healed somewhat.
The orc sorcerer gestures at you while chanting.
The bolt of negative energy hits you!
You feel drained.
* * * LOW HITPOINT WARNING * * *
The infernal demonspawn hits you but does no damage.
The orc high priest hits you but does no damage.
The orc sorcerer points at you and mumbles some strange words.
The bolt of negative energy hits you!
You feel drained.
You die...

..###..###.####.......#......#
.###..###...###...........#.##
###..###.#.#.###........#..##
##).###...#...###...........#
#[[###...###...###......#..##
[[###...##.##...###........#
...)...##...##...###......##
..#...## #..##5..###.....##
#....## #..##@#.###.....#
....## #4ooo65.#####.## #..##
##4#oo...# ### ....##
#..))...## #....## #..##.#.##
..#...## #..##...##
....)..##...##..)##
..###)).##.##†).##
#..###)..###).)##


You could see 2 orc high priests, an infernal demonspawn, 2 rust devils, 3 orc
sorcerers, a friendly white imp and a friendly ufetubus.

Vanquished Creatures
  A stone giant (Orc:2)
  Erolcha (D:11)
  Erica (D:9)
  2 orc high priests (Orc:2)
  5 hill giants
  3 orc knights (Orc:2)
  4 orc sorcerers
  A sixfirhy (Orc:2)
  A rust devil (Orc:2)
  A hellwing (Orc:2)
  A red devil (Orc:2)
  A troll (D:10)
  A wraith (D:10)
  A hippogriff (D:11)
  A hungry ghost (D:9)
  A warg (Orc:1)
  Edmund (D:5)
  25 orc warriors
  An ice beast (D:8)
  2 sky beasts
  A black bear (D:7)
  The ghost of loom the Covered, an amateur MiFi (D:3)
  A phantom (D:6)
  8 ogres
  A big kobold (D:11)
  5 giant frogs
  2 scorpions
  6 killer bees (D:11)
  4 howler monkeys
  10 wights
  A crimson imp (D:8)
  A centaur zombie (D:7)
  3 hounds
  5 jellies
  2 quasits
  A giant frog skeleton (D:7)
  2 giant frog zombies
  22 orc priests
  A centaur skeleton (D:4)
  4 iguanas
  17 orc wizards
  Natasha (twice) (D:2)
  11 worker ants
  4 gnolls (D:5)
  13 adders
  4 shadow imps
  An adder zombie (D:9)
  An adder skeleton (D:4)
  6 worms
  2 dart slugs
  5 giant geckos
  56 orcs
  12 bats
  5 giant cockroaches
  11 goblins
  6 hobgoblins
  9 jackals
  12 kobolds
  3 quokkas
  A giant gecko zombie (D:5)
  4 giant newts
  7 rats
328 creatures vanquished.

Vanquished Creatures (collateral kills)
  Sigmund (D:3)
  An orc warrior (Orc:2)
  A black bear (D:8)
  A howler monkey (D:9)
  An orc priest (Orc:2)
  Natasha (D:2)
  6 orcs
  A hobgoblin (D:10)
13 creatures vanquished.

Vanquished Creatures (others)
  An orc knight (Orc:2)
1 creature vanquished.

Grand Total: 342 creatures vanquished

Notes
Turn   | Place    | Note
--------------------------------------------------------------
     0 | Abyss:1  | Gargoyl the Demonspawn Abyssal Knight began the quest for the Orb.
     0 | Abyss:1  | Reached XP level 1. HP: 18/18 MP: 2/2
    38 | Abyss:2  | Noticed an ancient zyme
    64 | D:1      | Escaped the Abyss
   389 | D:1      | Reached skill level 2 in Armour
   656 | D:1      | Gained mutation: You are surrounded by a mild repulsion field (EV +2). [demonic ancestry]
   656 | D:1      | Reached XP level 2. HP: 23/24 MP: 3/3
   658 | D:1      | Reached * piety under Lugonu
   698 | D:1      | Reached skill level 1 in Dodging
  1190 | D:2      | Noticed Natasha
  1198 | D:2      | Reached XP level 3. HP: 26/29 MP: 4/4
  1205 | D:2      | Killed Natasha
  1207 | D:2      | Reached skill level 3 in Armour
  1348 | D:2      | Found a burning altar of Makhleb.
  1402 | D:2      | Reached ** piety under Lugonu
  1402 | D:2      | Gained mutation: A weak demonic guardian rushes to your aid. [demonic ancestry]
  1402 | D:2      | Reached XP level 4. HP: 25/35 MP: 5/5
  1687 | D:2      | Noticed Natasha
  1703 | D:2      | Killed Natasha
  2107 | D:2      | Noticed Natasha
  2112 | D:2      | Killed Natasha
  2229 | D:3      | Gained mutation: Your flesh is heat resistant. [demonic ancestry]
  2229 | D:3      | Reached XP level 5. HP: 37/41 MP: 6/6
  2411 | D:3      | Noticed loom's ghost (amateur MiFi)
  2424 | D:3      | Killed loom's ghost
  2424 | D:3      | Reached skill level 4 in Armour
  2424 | D:3      | Reached skill level 1 in Stealth
  2424 | D:3      | Reached XP level 6. HP: 47/48 MP: 7/7
  2767 | D:3      | Noticed Sigmund
  2778 | D:3      | Killed Sigmund
  2839 | D:3      | Reached *** piety under Lugonu
  3480 | D:4      | Gained mutation: You have a pair of small horns on your head. [demonic ancestry]
  3480 | D:4      | Reached XP level 7. HP: 52/54 MP: 8/8
  3561 | D:4      | Reached skill level 5 in Armour
  3861 | D:5      | Entered Level 5 of the Dungeon
  3942 | D:5      | Found an ancient bone altar of Kikubaaqudgha.
  4041 | D:5      | Noticed Edmund
  4059 | D:5      | Killed Edmund
  4206 | D:5      | Found an iron altar of Okawaru.
  4595 | D:5      | Reached skill level 6 in Armour
  4595 | D:5      | Reached XP level 8. HP: 56/61 MP: 9/9
  4814 | D:6      | Reached **** piety under Lugonu
  4821 | D:6      | Found a snail-covered altar of Cheibriados.
  4869 | D:6      | Found a staircase to the Ecumenical Temple.
  5299 | D:7      | Reached skill level 5 in Fighting
  5584 | D:7      | Reached skill level 7 in Armour
  5654 | D:7      | Reached skill level 1 in Shields
  5815 | D:7      | Found a shimmering altar of Xom.
  5919 | D:7      | Reached skill level 5 in Axes
  6244 | D:8      | Gained mutation: You have a pair of horns on your head. [demonic ancestry]
  6244 | D:8      | Reached XP level 9. HP: 65/69 MP: 10/10
  6381 | D:8      | Found an oddly glowing altar of Pakellas.
  6381 | D:8      | Found Pakellas's Prime Provisions.
  6494 | D:8      | You fall through a shaft!
  6645 | D:9      | Found a viscous altar of Jiyva.
  6651 | D:9      | Reached skill level 8 in Armour
  6654 | D:9      | Reached ***** piety under Lugonu
  6737 | D:9      | Noticed Erica
  6748 | D:9      | Killed Erica
  6985 | D:9      | Found a staircase to the Lair.
  7090 | D:9      | Found a sacrificial altar of Ru.
  7100 | D:9      | Found a shadowy altar of Dithmenos.
  7103 | D:9      | Found a deep blue altar of Sif Muna.
  7174 | D:10     | Entered Level 10 of the Dungeon
  7213 | D:10     | Noticed a hill giant
  7228 | D:10     | Killed a hill giant
  7228 | D:10     | Reached skill level 9 in Armour
  7228 | D:10     | Reached XP level 10. HP: 29/77 MP: 11/11
  7301 | D:10     | Noticed a hill giant
  7311 | D:10     | Killed a hill giant
  7414 | D:10     | Noticed a hill giant
  7422 | D:10     | Killed a hill giant
  7593 | D:10     | Found a staircase to the Orcish Mines.
  7954 | D:10     | Noticed a hill giant
  7963 | D:10     | Killed a hill giant
  7963 | D:10     | Reached skill level 10 in Armour
  8200 | D:11     | Noticed Maud
  8229 | D:11     | Banished Maud
  8423 | D:11     | Reached XP level 11. HP: 50/84 MP: 13/13
  8692 | D:11     | Noticed a six-headed hydra
  8699 | D:11     | Banished a six-headed hydra
  8785 | D:11     | Noticed Gastronok
  8828 | D:11     | Banished Gastronok
  8965 | D:11     | Noticed a hill giant
  8976 | D:11     | Killed a hill giant
  9007 | D:11     | Noticed Erolcha
  9028 | D:11     | Killed Erolcha
  9028 | D:11     | Reached skill level 5 in Invocations
  9110 | D:11     | Got a shimmering hand axe
  9111 | D:11     | Identified the +10 hand axe "Fitijotu" {venom, +Fly} (You found it on level 11 of the Dungeon)
  9149 | D:11     | Got a pair of ichor-stained boots
  9160 | D:11     | Identified the +2 pair of boots of Melancholy {Str+3} (You found it on level 11 of the Dungeon)
  9303 | Orc:1    | Entered Level 1 of the Orcish Mines
  9510 | Orc:1    | Found a roughly hewn altar of Beogh.
  9556 | Orc:1    | Noticed an orc sorcerer
  9556 | Orc:1    | Paralysed by an orc sorcerer for 6 turns
  9573 | Orc:1    | Killed an orc sorcerer
  9578 | Orc:1    | Reached skill level 11 in Armour
  9786 | Orc:2    | Entered Level 2 of the Orcish Mines
 10026 | Orc:2    | Reached skill level 5 in Shields
 10032 | Orc:2    | Found Nugoazof's General Store.
 10042 | Orc:2    | Found Xidor's Magic Scroll Emporium.
 10059 | Orc:2    | Noticed an orc knight
 10186 | Orc:2    | Killed an orc knight
 10260 | Orc:2    | Bought a scroll of enchant armour for 120 gold pieces
 10260 | Orc:2    | Bought a scroll of blinking for 120 gold pieces
 10263 | Orc:2    | Bought a scroll of enchant armour for 127 gold pieces
 10263 | Orc:2    | Bought a scroll of enchant armour for 127 gold pieces
 10263 | Orc:2    | Bought a scroll of enchant armour for 127 gold pieces
 10410 | Orc:2    | Noticed an orc high priest
 10411 | Orc:2    | Noticed an orc knight
 10411 | Orc:2    | Noticed an orc sorcerer
 10417 | Orc:2    | Noticed a sun demon
 10424 | Orc:2    | Killed an orc sorcerer
 10424 | Orc:2    | Gained mutation: You are surrounded by a moderate repulsion field (EV +3). [demonic ancestry]
 10424 | Orc:2    | Reached XP level 12. HP: 50/93 MP: 16/16
 10430 | Orc:2    | Killed an orc high priest
 10688 | Orc:2    | Noticed a stone giant
 10706 | Orc:2    | Killed a stone giant
 10890 | Orc:2    | Noticed an orc high priest
 10890 | Orc:2    | Noticed an orc high priest
 10894 | Orc:2    | Noticed an orc high priest
 10895 | Orc:2    | Paralysed by an orc sorcerer for 3 turns
 10899 | Orc:2    | Killed an orc high priest
 10899 | Orc:2    | Paralysed by an orc sorcerer for 4 turns
 10910 | Orc:2    | Paralysed by an orc sorcerer for 2 turns
 10911 | Orc:2    | Killed from afar by an orc sorcerer

Skill      XL: |  1  2  3  4  5  6  7  8  9 10 11 12 |
---------------+-------------------------------------+-----
Armour         | 2 3 4 6 7 9 10 11 | 11.9
Dodging        | 1 2 3 4 |  4.1
Axes           | 2 3 5 6 7 8 9 |  9.3
Stealth        | 1 2 3 4 |  4.0
Fighting       | 4 5 6 7 8 |  8.6
Shields        | 1 3 5 6 |  6.1
Invocations    | 6 |  6.3

Action                   |  1- 3 |  4- 6 |  7- 9 | 10-12 || total
-------------------------+-------+-------+-------+-------++-------
Melee: Hand axe          |    87 |   270 |   513 |   447 ||  1317
       Headbutt          |       |       |    87 |    96 ||   183
Throw: Tomahawk          |       |     1 |       |     1 ||     2
Invok: Depart the Abyss  |     1 |       |       |       ||     1
       Banish            |       |       |       |    11 ||    11
Evoke: Wand              |       |       |       |     1 ||     1
  Use: Potion            |     1 |     1 |       |     7 ||     9
       Scroll            |       |     5 |    16 |    11 ||    32
 Stab: Distracted        |       |     3 |     4 |     4 ||    11
       Invisible         |       |       |       |     5 ||     5
  Eat: Chunk             |     2 |     7 |    13 |     8 ||    30
       Fruit             |       |       |     3 |       ||     3
       Royal jelly       |       |       |     1 |       ||     1
       Pizza             |       |       |     1 |       ||     1
       Meat ration       |       |       |       |     1 ||     1
       Bread ration      |       |       |       |     1 ||     1
Armor: Ring mail         |    25 |       |       |       ||    25
       Scale mail        |    41 |   146 |       |       ||   187
       Plate armour      |       |    24 |   451 |   268 ||   743
Dodge: Dodged            |   100 |   167 |   235 |   138 ||   640
Block: Buckler           |       |       |    66 |     2 ||    68
       Shield            |       |       |       |   219 ||   219
